 Dungeon Crawl Stone Soup version 0.30-a0-900-g23479c02f2 (webtiles) character file.

Game seed: 7040601913858533478

1494 Axe the Carver (level 8, -5/67 (70) HPs)
             Began as a Minotaur Gladiator on Mar 19, 2023.
             Was an Initiate of Trog.
             Killed from afar by a steam dragon (16 damage)
             ... with a ball of steam
             ... on level 6 of the Dungeon.
             The game lasted 00:09:16 (5200 turns).

Axe the Carver (Minotaur Gladiator)                 Turns: 5200, Time: 00:09:17

HP:   -5/67 (70)    AC: 10    Str: 19    XL:     8   Next: 51%
MP:   7/7           EV:  9    Int:  7    God:    Trog [......]
Gold: 242           SH: 13    Dex: 14    Spells: 7/7 levels left

rFire   . . .      SeeInvis +    a - +1 long sword
rCold   + + .      Faith    .    c - +0 tower shield
rNeg    . . .      Spirit   .    o - +0 ring mail
rPois   .          Reflect  .    x - +3 crown of Dyrovepreva {rElec Int+2 SInv}
rElec   +          Rampage  .    (no cloak)
rCorr   .                        i - +0 pair of gloves
Will    .....                    (no boots)
Stlth   +                        h - amulet of the acrobat
HPRegen 0.31/turn                z - ring of protection from cold
MPRegen 0.10/turn                A - ring of protection from cold

@: lightly drained
A: horns 2, retaliatory headbutt
a: Renounce Religion


You were on level 6 of the Dungeon.
You worshipped Trog.
Trog was noncommittal.
You visited 2 branches of the dungeon, and saw 7 of its levels.

You collected 319 gold pieces.
You spent 77 gold pieces at shops.

Inventory:

Hand Weapons
 a - a +1 long sword (weapon)
Missiles
 d - a throwing net (quivered)
 e - a javelin
Armour
 c - a +0 tower shield (worn)
 i - a +0 pair of gloves (worn)
 o - a +0 ring mail (worn)
 u - a +0 kite shield
 x - the +3 crown of Dyrovepreva (worn) {rElec Int+2 SInv}
   (You found it on level 3 of the Dungeon)

   Int:       It affects your intelligence (+2).
   rElec:     It insulates you from electricity.
   SInv:      It lets you see invisible.
Jewellery
 h - an amulet of the acrobat (around neck)
 z - a ring of protection from cold (left hand)
 A - a ring of protection from cold (right hand)
 C - a +4 ring of protection
Wands
 n - a wand of roots (7)
Scrolls
 g - a scroll of fog {unknown}
 j - 8 scrolls of identify
 k - a scroll of amnesia
 v - a scroll of enchant weapon
 y - 4 scrolls of blinking
 B - a scroll of vulnerability {unknown}
Potions
 b - 3 potions of curing {unknown}
 f - 2 potions of heal wounds
 l - 3 potions of might {unknown}
 m - 3 potions of attraction {unknown}
 p - a potion of brilliance {unknown}
 q - a potion of magic {unknown}
 r - a potion of berserk rage {unknown}
 s - 2 potions of invisibility {unknown}
 t - a potion of degeneration {unknown}
 w - a potion of flight {unknown}
 D - a potion of mutation {unknown}


   Skills:
 + Level 5.7 Fighting
 * Level 8.3 Long Blades
 - Level 2.0 Throwing
 + Level 4.9 Armour
 + Level 5.9 Dodging
 + Level 4.5 Shields


You had 7 spell levels left.
You didn't know any spells.
Your spell library contained the following spells:

 Spells                   Type           Power      Damage    Failure   Level
 Freeze                   Ice            0%         1d3       100%        1
 Blink                    Tloc           0%         N/A       100%        2
 Frozen Ramparts          Ice            0%         1d1       100%        3
 Hailstorm                Conj/Ice       0%         3d3       100%        3
 Vhi's Electric Charge    Tloc/Air       0%         N/A       100%        3
 Manifold Assault         Tloc           0%         N/A       100%        4
 Arcjolt                  Conj/Air       0%         1d10      100%        5
 Storm Form               Tmut/Air       0%         N/A       100%        7
 Maxwell's Capacitive Co  Air            0%         ∞         100%        8


Dungeon Overview and Level Annotations

Branches:
Dungeon (6/15)             Temple (1/1) D:6

Altars:
Ashenzari
Cheibriados
Dithmenos
Elyvilon
Hepliaklqana
Makhleb
Nemelex Xobeh
Okawaru
Qazlal
Ru
Sif Muna
Trog
Uskayaw
Vehumet
Wu Jian
Yredelemnul
Zin
The Shining One

Shops:
D:3 **((   D:4 *

Portals:
Abyss: D:3

Annotations:
D:5 3 runed translucent doors, Mickster's ghost, novice DEWn


Innate Abilities, Weirdness & Mutations

You have a pair of horns on your head.
You reflexively headbutt those who attack you in melee.


Message History

Done exploring.
Done exploring.
Done exploring.
There is a bloodstained altar of Trog here.
You kneel at the altar of Trog.
Trog welcomes you!
There is a staircase back to the Dungeon here.
You climb upwards.
Welcome back to the Dungeon!
The steam dragon breathes steam at you. The ball of steam hits you!!
There is a staircase to the Ecumenical Temple here.
You slash the steam dragon!
The steam dragon is moderately wounded.
You block the steam dragon's attack. x2
You closely miss the steam dragon. Your headbutt misses the steam dragon.
The steam dragon is moderately wounded.
An ufetubus comes into view.
You block the steam dragon's attack. The steam dragon barely misses you.
The ufetubus shouts!
You hit the steam dragon but do no damage.
The steam dragon is moderately wounded.
The steam dragon breathes steam at you. The ball of steam hits you!!
The steam dragon barely misses you. You furiously retaliate!
You headbutt the steam dragon. The steam dragon claws you.
You barely miss the steam dragon.
The steam dragon is heavily wounded.
You are engulfed in a cloud of scalding steam.
* * * LOW HITPOINT WARNING * * *
You block the steam dragon's attack.
The steam dragon claws you but does no damage.
You hit the steam dragon.
The steam dragon is heavily wounded.
The ufetubus closely misses you. You block the ufetubus's attack.
The ufetubus hits you.
* * * LOW HITPOINT WARNING * * *
You block the ufetubus's attack. The steam dragon breathes steam at you.
The ball of steam hits you!
You die...

... ... ..# ... .# .. ... .. ...
...##.##.##.## . ...
#.....#.........#.. ...
.#.................. #..
......#..⌠...⌠..# #. .
#....#.........#.. #.
..##........>§§..... #.
#.....#...D@.§§.#.. ...
##.....#..⌠..5⌠..#..........# #
##..D #.....................#
#.#...§ #.#.........#.........#
#.....§##.##.##.##.##>.........#
......))D............#.........#
#.....)§§............#........##
####..#..........#..............
#. #.....)....#..###.........


You could see a steam dragon (catching breath) and an ufetubus.

Vanquished Creatures
  The ghost of Dittersdorf the Trooper, an amateur HuFi of Okawaru (D:3)
  A water moccasin (D:6)
  An ice beast (D:5)
  2 small abominations (D:3)
  An ogre (D:5)
  2 phantoms
  A kobold brigand (D:6)
  4 scorpions
  2 hounds
  A sleepcap (D:4)
  3 iguanas (D:5)
  3 orc wizards
  10 adders
  A white imp (D:3)
  2 dart slugs
  14 orcs
  5 ball pythons
  9 endoplasms
  2 giant cockroaches
  6 goblins
  5 hobgoblins
  5 jackals
  6 quokkas
  7 bats
  3 frilled lizards (D:1)
  14 kobolds
  6 rats
117 creatures vanquished.

Vanquished Creatures (others)
  An orc (D:6)
  2 ball pythons (D:2)
3 creatures vanquished.

Grand Total: 120 creatures vanquished

Notes
Turn   | Place    | Note
-------+----------+-------------------------------------------
     0 | D:1      | Axe the Minotaur Gladiator began the quest for the Orb.
     0 | D:1      | Reached XP level 1. HP: 18/18 MP: 0/0
   177 | D:1      | Reached XP level 2. HP: 21/25 MP: 1/1
   217 | D:1      | Reached skill level 4 in Long Blades
   279 | D:1      | Reached skill level 1 in Armour
   552 | D:1      | Reached XP level 3. HP: 30/30 MP: 2/2
   863 | D:2      | Found a hide-covered altar of Uskayaw.
  1221 | D:2      | Reached XP level 4. HP: 9/38 MP: 3/3
  1474 | D:3      | Found Kanol's General Store.
  1572 | D:3      | Found Nucifis's General Store.
  1577 | D:3      | Bought a scroll of identify for 28 gold pieces
  1655 | D:3      | Found a transporter.
  1656 | D:3      | Noticed Dittersdorf's ghost (amateur HuFi)
  1659 | D:3      | Found a transporter.
  1660 | D:3      | Noticed a small abomination
  1667 | D:3      | Noticed a small abomination
  1687 | D:3      | Found Aloim's Weapon Boutique.
  1782 | D:3      | Found Lythry Puta's Weapon Shop.
  1822 | D:3      | Found the +3 crown of Dyrovepreva {rElec Int+2 SInv}
  2166 | D:3      | Found a one-way gate to the infinite horrors of the Abyss.
  2175 | D:3      | Killed Dittersdorf's ghost
  2176 | D:3      | Reached skill level 5 in Long Blades
  2176 | D:3      | Reached skill level 1 in Shields
  2176 | D:3      | Reached XP level 5. HP: 24/46 MP: 4/4
  2234 | D:3      | HP: 2/46 [small abomination (15)]
  2236 | D:3      | Killed a small abomination
  2237 | D:3      | Reached XP level 6. HP: 24/52 MP: 5/5
  2368 | D:3      | Reached skill level 6 in Long Blades
  2769 | D:4      | Found Bomm's Mass Market.
  2778 | D:4      | Bought a +0 tower shield for 49 gold pieces
  2945 | D:4      | Reached XP level 7. HP: 51/60 MP: 6/6
  3928 | D:5      | Entered Level 5 of the Dungeon
  3962 | D:5      | Reached skill level 5 in Dodging
  4030 | D:5      | Reached skill level 7 in Long Blades
  4085 | D:5      | Reached skill level 5 in Fighting
  4265 | D:5      | Reached XP level 8. HP: 61/68 MP: 7/7
  4512 | D:5      | Found a runed translucent gate.
  4512 | D:5      | Found a runed translucent gate.
  4512 | D:5      | Found a runed translucent gate.
  4552 | D:5      | Noticed Mickster's ghost (novice DEWn)
  4640 | D:6      | Reached skill level 8 in Long Blades
  4986 | D:6      | Found a staircase to the Ecumenical Temple.
  4994 | Temple   | Entered the Ecumenical Temple
  5187 | Temple   | Became a worshipper of Trog the Wrathful
  5200 | D:6      | Killed from afar by a steam dragon

Illustrated notes

Levels and vault maps discovered:
D:1:      eino_arrival_druids_welcome, layout_loops_cross,
          minmay_stone_trees_large
D:2:      layout_rooms, basic_altar, lemuel_flame_loot_1
D:3:      layout_rooms, serial_shops,
          nicolae_shop_temple_entry_statues_fountains, shop_fountains,
          nicolae_shop_hallway_stairs, nicolae_shop_hallway_plus,
          gammafunk_ghost_abyssal_escape, grunt_ministairs_6
D:4:      layout_layer_cave, minmay_shop_mass
D:5:      layout_cave_pools, gammafunk_ghost_necromancy, serial_park,
          serial_park_fountain, serial_park_square2, serial_park_square1
          [serial_park_minivault_5x5_7]
D:6:      layout_cave_pools, lemuel_crystal_altar,
          minmay_temple_entry_large_hall, kennysheep_diamond,
          kennysheep_generic_room_11, uniq_duvessa
Temple:   compressed_dpeg_circular_temple

Skill      XL: |  1  2  3  4  5  6  7  8 |
---------------+-------------------------+-----
Long Blades    | 4 5 6 7 8 |  8.3
Armour         | 1 2 3 4 |  4.9
Fighting       | 3 4 5 |  5.7
Dodging        | 4 5 |  5.9
Shields        | 1 2 3 4 |  4.5
Throwing       | |  2.0

Action                     |  1- 3 |  4- 6 |  7- 9 || total
---------------------------+-------+-------+-------++-------
  Melee: Long sword        |   113 |    84 |   162 ||   359
         Headbutt          |    15 |    14 |    29 ||    58
  Throw: Throwing net      |       |     5 |       ||     5
    Use: Potion            |       |     2 |       ||     2
         Scroll            |       |     6 |       ||     6
   Stab: Held in net/web   |       |     1 |       ||     1
 Armour: Leather armour    |    18 |       |       ||    18
         Ring mail         |    25 |    31 |    76 ||   132
  Dodge: Dodged            |    82 |    35 |    56 ||   173
  Block: Kite shield       |     3 |    25 |       ||    28
         Tower shield      |       |    15 |   130 ||   145

Table legend: (Time is in decaauts)
 A = Elapsed time spent in this place.
 B = Non-inter-level travel time spent in this place.
 C = Inter-level travel time spent in this place.
 D = Time resting spent in this place.
 E = Time spent auto-exploring this place.
 F = Levels seen in this place.
 G = Mean time per level.
                   A        B        C        D        E       F      G
               +--------+--------+--------+--------+--------+-----+--------+
         Total |   5325 |   5116 |    209 |   1052 |   2958 |   7 |  760.7 |
       Dungeon |   5125 |   4916 |    209 |    981 |   2891 |   6 |  854.2 |
        Temple |    199 |    199 |      0 |     71 |     67 |   1 |  199.0 |
               +--------+--------+--------+--------+--------+-----+--------+

Top non-repeatable levels by time:
     D:4: 1615 daAuts
     D:3: 990 daAuts
     D:1: 824 daAuts
     D:2: 671 daAuts
     D:5: 628 daAuts
     D:6: 394 daAuts
  Temple: 199 daAuts
